 Dungeon Sprint DCSS version 0.28.0-47-ge53b351184 (webtiles) character file.

Game seed: 17604159809799104732

3 GigaChad the Shield-Bearer (level 1, -2/20 HPs)
             Began as a Minotaur Fighter on May 2, 2022.
             Slain by a human (5 damage)
             ... in the Dungeon (Sprint III: "The Ten Rune Challenge").
             The game lasted 00:00:21 (66 turns).

GigaChad the Shield-Bearer (Minotaur Fighter)         Turns: 66, Time: 00:00:22

Health: -2/20      AC:  7    Str: 20    XL:     1   Next: 41%
Magic:  0/0        EV:  9    Int:  5    God:
Gold:   0          SH:  4    Dex:  9    Spells: 0/0 levels left

rFire   . . .      SeeInvis .   a - +0 long sword
rCold   . . .      Faith    .   c - +0 buckler
rNeg    . . .      Spirit   .   b - +0 scale mail
rPois   .          Reflect  .   (helmet restricted)
rElec   .          Harm     .   (no cloak)
rCorr   .          Rampage  .   (no gloves)
Will    .....      NoTele   +   (no boots)
Stlth   ..........              (no amulet)
HPRegen 0.06/turn               (no ring)
MPRegen 0.07/turn               (no ring)

@: no status effects
A: horns 2, retaliatory headbutt
a: no special abilities


You were in the Dungeon.
You visited 1 branch

Inventory:

Hand Weapons
 a - a +0 long sword (weapon)
Armour
 b - a +0 scale mail (worn)
 c - a +0 buckler (worn)
Scrolls
 j - a scroll of blinking
Potions
 d - a potion of might
 e - a potion of curing
 f - a potion of heal wounds
 g - a potion of haste
 h - 2 potions of magic
 i - a potion of berserk rage


   Skills:
 + Level 4.1 Fighting
 + Level 2.6 Long Blades
 + Level 4.1 Armour
 + Level 4.1 Shields


You couldn't memorise any spells.
You didn't know any spells.
Your spell library was empty.

Dungeon Overview and Level Annotations

Branches:
Dungeon (1/1)

Altars:


Innate Abilities, Weirdness & Mutations

You have a pair of horns on your head.
You reflexively headbutt those who attack you in melee.


Message History

You barely miss the rat.
The rat is heavily wounded.
The rat bites you but does no damage.
You barely miss the rat. You headbutt the rat.
You kill the rat!
You see here a rat corpse.
A human comes into view.
The human shouts!
A wolf comes into view.
The wolf howls!
You miss the wolf. Your headbutt misses the wolf.
The wolf bites you but does no damage. The wolf barely misses you.
The human hits you!
You closely miss the wolf. The wolf barely misses you. The wolf bites you.
You block the human's attack.
You closely miss the wolf. The wolf closely misses you.
The wolf bites you but does no damage. The human closely misses you.
You hit the wolf but do no damage. The wolf closely misses you.
You block the wolf's attack. The human barely misses you.
The wolf barely misses you. You furiously retaliate!
You headbutt the wolf, but do no damage.
The human barely misses you.
You hit the wolf. Your headbutt misses the wolf.
The wolf is moderately wounded.
The wolf barely misses you. You block the wolf's attack.
You block the human's attack.
You hit the wolf.
The wolf is moderately wounded.
The wolf closely misses you. The wolf bites you.
The human hits you but does no damage.
You barely miss the wolf.
The wolf is moderately wounded.
The wolf bites you but does no damage. The wolf barely misses you.
The human hits you.
* * * LOW HITPOINT WARNING * * *
The wolf bites you but does no damage. You block the human's attack.
You miss the wolf.
The wolf is moderately wounded.
The wolf bites you but does no damage. The human hits you.
You die...

▓...#......##
▓..##....†..# .#
▓##.##.##...# .#
##.##.###..# ..#
▓#.####.##..# ...+
▓.###..##.†##
#...# ▓#.....##..#
#....#
###..##...##p....#
##..##....#@h....#
#..###..##.#.....#
#(.# #..#####....#
▓▓▓▓ ▓▓▓▓ ▓▓▓▓▓


You could see a human and a wolf.

Vanquished Creatures
  An endoplasm (D)
  3 rats (D)
4 creatures vanquished.

Notes
Turn   | Place    | Note
-------+----------+-------------------------------------------
     0 | D        | GigaChad the Minotaur Fighter began the quest for the Orb.
     0 | D        | Reached XP level 1. HP: 19/19 MP: 0/0
    58 | D        | Noticed a wolf
    66 | D        | Slain by a human

Illustrated notes

Levels and vault maps discovered:
D:        dungeon_sprint_mu [sprint_mu_entry_cave, sprint_mu_temple_rooms,
          sprint_mu_d1_spiders, sprint_mu_d2_genie, sprint_mu_d3_branching,
          sprint_mu_orc_legion, sprint_mu_elf_gauntlet, sprint_mu_hive_nellie,
          sprint_mu_lair_fedhas, sprint_mu_vaults_butterflies,
          sprint_mu_slime_circle, sprint_mu_shoals_archi,
          sprint_mu_snake_twists, sprint_mu_blade_basic,
          sprint_mu_crypt_chambers, sprint_mu_tomb_spiral,
          sprint_mu_vestibule_basic, sprint_mu_gehenna_hellfire,
          sprint_mu_dis_giant, sprint_mu_tartarus_statrot,
          sprint_mu_cocytus_islands, sprint_mu_zot1]

Skill      XL: |  1 |
---------------+----+-----
Fighting       | 4 |  4.1
Armour         | 4 |  4.1
Shields        | 4 |  4.1
Long Blades    | |  2.6

Action                   || total
-------------------------++-------
Melee: Long sword        ||    17
       Headbutt          ||     2
Armor: Scale mail        ||    10
Dodge: Dodged            ||    14
Block: Buckler           ||     8
